 Dungeon Crawl Stone Soup version 0.30-a0-913-g9934a0ce24 (webtiles) character file.

Game seed: 9384416874443812787

1076 Zonian the Ruffian (level 8, 0/44 HPs)
             Began as a Vine Stalker Gladiator on Mar 19, 2023.
             Was an Initiate of Ashenzari.
             Succumbed to an orc wizard's poison
             ... on level 6 of the Dungeon.
             The game lasted 00:12:08 (5466 turns).

Zonian the Ruffian (Vine Stalker Gladiator)         Turns: 5466, Time: 00:12:08

Health: 0/44       AC:  6    Str: 19    XL:     8   Next: 29%
Magic:  2/9        EV: 13    Int:  8    God:    Ashenzari [......]
Gold:   368        SH:  5    Dex: 24    Spells: 7/7 levels left

rFire   . . .      SeeInvis .      - Unarmed
rCold   . . .      Faith    .    x - +0 buckler
rNeg    . . .      Spirit   +    u - +0 leather armour of Lugonu's Pride {rPois Dex+2}
rPois   +          Reflect  .    m - +2 helmet of the Bound Stars {Cun, Range} (curse)
rElec   .          Rampage  .    (no cloak)
rCorr   .                        (no gloves)
Will    +....                    (no boots)
Stlth   ++                       (no amulet)
HPRegen 1.07/turn                v - +6 ring of dexterity
MPRegen 0.11/turn                (no ring)

@: mighty, lethally poisoned (0 -> -4), invisible
A: fangs 3, regeneration 1, magic shield, antimagic bite, no potion heal 2
a: Renounce Religion, Shatter the Chains


You were on level 6 of the Dungeon.
You worshipped Ashenzari.
Ashenzari was noncommittal.
You visited 2 branches of the dungeon, and saw 7 of its levels.

You collected 368 gold pieces.

Inventory:

Missiles
 c - a throwing net
 d - a javelin
 j - 11 poisoned darts (quivered)
Armour
 a - a +1 leather armour
 b - a +2 helmet
 m - the cursed +2 helmet of the Bound Stars (worn) {Cun, Range}
   (You found it on level 2 of the Dungeon)

   It has a curse which improves the following skills: Cunning: Dodging and
   Stealth.
   Ranged Combat: Ranged Weapons and Throwing.
 u - the +0 leather armour of Lugonu's Pride (worn) {rPois Dex+2}
   (You found it on level 6 of the Dungeon)

   Dex:       It affects your dexterity (+2).
   rPois:     It protects you from poison.
 x - a +0 buckler (worn)
 y - a +0 scale mail
Jewellery
 v - a +6 ring of dexterity (left hand)
Wands
 f - a wand of charming (6)
 s - a wand of flame (13)
Scrolls
 e - 2 scrolls of vulnerability
 i - a scroll of blinking
 t - a scroll of teleportation
Potions
 k - a potion of curing {unknown}
 l - 3 potions of resistance
 n - a potion of attraction {unknown}
 o - 5 potions of flight
 p - 2 potions of haste {unknown}
 q - 2 potions of cancellation {unknown}
 r - a potion of lignification {unknown}
 w - a potion of brilliance {unknown}


   Skills:
 + Level 6.3 Fighting
 - Level 1.9(2.2) Throwing
 - Level 2.5(2.9) Dodging
 + Level 7.3 Unarmed Combat


You had 7 spell levels left.
You didn't know any spells.
Your spell library was empty.

Dungeon Overview and Level Annotations

Branches:
Dungeon (6/15)             Temple (1/1) D:5

Altars:
Ashenzari
Cheibriados
Elyvilon
Fedhas
Gozag
Hepliaklqana
Kikubaaqudgha
Nemelex Xobeh
Okawaru
Trog
Wu Jian
Xom
Zin
The Shining One

Annotations:
D:2 Sigmund
D:5 exclusion: hornet
D:6 3 runed translucent doors, AverageBear's ghost, novice OpFi; baller8008's ghost, novice OpTm; domi's ghost, novice DsCj; gagnic4's ghost, novice MiWn


Innate Abilities, Weirdness & Mutations

You have razor-sharp teeth.
Your natural rate of healing is unusually fast.
When hurt, damage is shared between your health and your magic reserves.
Your bite disrupts and absorbs the magic of your enemies.
Potions cannot restore your health.


Message History

The orc priest is heavily wounded.
You feel sick. Something hits you.
* * * LOW HITPOINT WARNING * * *
You are more poisoned.
You block the orc priest's attack.
You hit the orc priest.
The orc priest is almost dead.
You feel sick. Something hits you.
* * * LOW HITPOINT WARNING * * *
The orc priest barely misses you.
You hit the orc priest but do no damage.
The orc priest is severely wounded.
You feel sick.
You hear some strange, mumbled words.
Something tries to affect you, but you resist.
You block the orc priest's attack.
Unknown command.
You punch the orc priest!
You kill the orc priest!
You feel sick. Something hits you but does no damage.
You hit something. Your bite misses something.
You feel sick. Something hits you but does no damage.
You are more poisoned.
You punch something! Your bite misses something.
You feel very sick. Something hits you but does no damage.
You are lethally poisoned!
It was a potion of might.
You feel very mighty all of a sudden.
* * * LOW HITPOINT WARNING * * *
You feel very sick. You block something's attack.
You punch something!
Reactivating autopickup.
You feel a bit more experienced.
* * * LOW HITPOINT WARNING * * *
You feel very sick.
It was a potion of invisibility.
You fade into invisibility!
You die...

## #.. .####.. .
....... ...
#...## ###...#
#..#####......#
#...)@).......#
#...)..####...#
##...#### .
##....##
##..#...###.#.
##..##.........
##..###.........
##..####.####+++#
#####.#####..#


WWW... There were no monsters in sight!

Vanquished Creatures
  A black bear (D:5)
  3 ogres
  2 phantoms
  A gnoll sergeant (D:5)
  2 jellies (D:5)
  A howler monkey (D:4)
  3 orc priests
  4 iguanas
  A sleepcap (D:4)
  An orc wizard (D:6)
  6 gnolls
  3 adders
  A worm (D:4)
  2 dart slugs (D:1)
  10 orcs
  6 endoplasms
  3 giant cockroaches
  4 goblins
  4 hobgoblins
  3 jackals
  2 quokkas
  4 ball pythons
  4 bats
  3 frilled lizards (D:1)
  6 kobolds
  4 rats
84 creatures vanquished.

Notes
Turn   | Place    | Note
-------+----------+-------------------------------------------
     0 | D:1      | Zonian the Vine Stalker Gladiator began the quest for the
                  | Orb.
     0 | D:1      | Reached XP level 1. HP: 11/11 MP: 2/2
   249 | D:1      | Reached XP level 2. HP: 15/15 MP: 3/3
   351 | D:1      | Reached XP level 3. HP: 19/19 MP: 4/4
  1141 | D:2      | Noticed Sigmund
  1612 | D:3      | Found a faded altar of an unknown god.
  1676 | D:3      | Gained mutation: Your natural rate of healing is unusually
                  | fast. [Vine Stalker growth]
  1676 | D:3      | Reached XP level 4. HP: 22/23 MP: 5/5
  1894 | D:3      | Noticed a phantom
  1908 | D:3      | Killed a phantom
  1909 | D:3      | Reached skill level 4 in Unarmed Combat
  1909 | D:3      | Reached XP level 5. HP: 24/28 MP: 1/6
  2103 | D:4      | Noticed an ogre
  2768 | D:4      | Noticed a phantom
  2820 | D:4      | Noticed an ogre
  3188 | D:4      | Killed a phantom
  3189 | D:4      | Reached skill level 5 in Unarmed Combat
  3189 | D:4      | Reached XP level 6. HP: 33/33 MP: 7/7
  3387 | D:4      | Reached XP level 7. HP: 38/38 MP: 6/8
  3598 | D:5      | Entered Level 5 of the Dungeon
  3764 | D:5      | Reached skill level 5 in Fighting
  3764 | D:5      | Reached skill level 6 in Unarmed Combat
  3844 | D:5      | Noticed a hornet
  4003 | D:5      | Found a staircase to the Ecumenical Temple.
  4029 | Temple   | Entered the Ecumenical Temple
  4447 | Temple   | Became a worshipper of Ashenzari the Shackled
  4816 | D:5      | Gained mutation: You have razor-sharp teeth. [Vine Stalker
                  | growth]
  4816 | D:5      | Reached XP level 8. HP: 37/44 MP: 9/9
  4833 | D:5      | HP: 1/44 [ogre/+0 giant spiked club (22)]
  4837 | D:5      | Reached skill level 7 in Unarmed Combat
  5369 | D:6      | Found a runed translucent gate.
  5369 | D:6      | Found a runed translucent gate.
  5369 | D:6      | Found a runed translucent gate.
  5373 | D:6      | Identified the +0 leather armour of Lugonu's Pride {rPois
                  | Dex+2}
  5374 | D:6      | Noticed AverageBear's ghost (novice OpFi)
  5427 | D:6      | Noticed domi's ghost (novice DsCj)
  5428 | D:6      | Noticed gagnic4's ghost (novice MiWn)
  5429 | D:6      | Noticed baller8008's ghost (novice OpTm)
  5465 | D:6      | HP: 1/44 [poisoned by an orc wizard]
  5466 | D:6      | Succumbed to an orc wizard's poison

Illustrated notes

Levels and vault maps discovered:
D:1:      spicycebolla_arrival_xxxplode, layout_basic, hangedman_glass_teeth,
          st_stairs_11
D:2:      layout_rooms, uniq_sigmund
D:3:      layout_loops_ring, chequers_ecumenical_altar_island,
          minmay_fractal_squares_gapless_5
D:4:      layout_basic
D:5:      layout_loops_corners, minmay_temple_entry_arrows
D:6:      layout_layer_cave, gammafunk_ghost_cemetery, uniq_grinder
Temple:   mainiacjoe_temple_cubbyholes

Skill      XL: |  1  2  3  4  5  6  7  8 |
---------------+-------------------------+-----
Fighting       | 2 3 4 5 6 |  6.3
Unarmed Combat | 4 5 6 7 |  7.3
Throwing       | |  1.9
Dodging        | |  2.5

Action                     |  1- 3 |  4- 6 |  7- 9 || total
---------------------------+-------+-------+-------++-------
  Melee: Unarmed           |   105 |    76 |   114 ||   295
         Bite              |    25 |    24 |    39 ||    88
         Punch             |     1 |     5 |     2 ||     8
  Throw: Dart              |       |     8 |     2 ||    10
         Throwing net      |       |       |     6 ||     6
 Invoke: Curse Item        |       |       |     1 ||     1
    Use: Scroll            |     2 |     8 |     2 ||    12
         Potion            |       |       |     2 ||     2
   Stab: Sleeping          |     1 |       |       ||     1
 Armour: Leather armour    |    36 |    12 |    17 ||    65
         Scale mail        |       |       |    11 ||    11
  Dodge: Dodged            |    67 |    34 |    44 ||   145
  Block: Buckler           |       |       |     6 ||     6

Table legend: (Time is in decaauts)
 A = Elapsed time spent in this place.
 B = Non-inter-level travel time spent in this place.
 C = Inter-level travel time spent in this place.
 D = Time resting spent in this place.
 E = Time spent auto-exploring this place.
 F = Levels seen in this place.
 G = Mean time per level.
                   A        B        C        D        E       F      G
               +--------+--------+--------+--------+--------+-----+--------+
         Total |   5446 |   5247 |    199 |   1515 |   2550 |   7 |  778.0 |
       Dungeon |   4973 |   4774 |    199 |   1302 |   2386 |   6 |  828.8 |
        Temple |    472 |    472 |      0 |    213 |    164 |   1 |  472.0 |
               +--------+--------+--------+--------+--------+-----+--------+

Top non-repeatable levels by time:
     D:5: 1242 daAuts
     D:4: 1195 daAuts
     D:1: 1073 daAuts
     D:3: 1018 daAuts
  Temple: 472 daAuts
     D:2: 303 daAuts
     D:6: 140 daAuts
